Map: Echo LE (Void)

Players

IIIIIIIIIIhm

  • Race: Terran Terran
  • League: Diamond
  • Spawn Location: 5:00

Musumeci - Winner!

  • Race: Zerg Zerg
  • League: Diamond
  • Spawn Location: 11:00

VOD

Have the link to the VOD?

Description

Time

  • Played on: Jan. 19, 2017, 12:39 p.m.
  • Length: 18:03
Show
View Real Time Build Order
Export as new Build Order

IIIIIIIIIIhm Terran 

Build Orders: Reaper Expand, MMM Bio 

Get SALT Encoding   

  12  0:00  SCV  
  13  0:13  SCV  
  14  0:17  Supply Depot  
  14  0:25  SCV  
  15  0:39  SCV  
  15  0:40  Barracks  
  16  0:44  Refinery  
  16  0:51  SCV  
  17  1:03  SCV  
  18  1:15  SCV  
  19  1:29  Orbital Command, Reaper  
  20  1:42  Command Center  
  20  1:52  Barracks  
  20  1:55  SCV  
  21  2:02  Barracks Reactor  
  21  2:07  SCV  
  22  2:11  Supply Depot  
  22  2:19  SCV  
  23  2:33  SCV  
  23  2:35  Factory  
  24  2:40  Marine x2  
  24  2:41  Barracks Tech Lab  
  26  2:52  SCV  
  26  2:55  Refinery  
  27  2:59  Marine  
  27  3:00  Marine x2  
  30  3:08  Stimpack  
  30  3:09  SCV  
  30  3:11  Orbital Command  
  31  3:18  Marine x2  
  33  3:21  SCV  
  34  3:27  Marine  
  34  3:31  Factory Reactor  
  34  3:33  SCV  
  36  3:36  Marine  
  36  3:37  SCV  
  36  3:39  Marine  
  39  3:45  Marine  
  40  3:48  SCV  
  40  3:51  Starport  
  40  3:54  Marine  
  40  3:55  SCV  
  43  3:56  Marine  
  43  4:00  Supply Depot  
  43  4:02  SCV  
  45  4:03  Marine  
  45  4:06  Supply Depot  
  46  4:11  SCV  
  46  4:12  Marine  
  46  4:14  SCV  
  49  4:19  Widow Mine  
  49  4:22  Marine x2  
  49  4:23  SCV  
  54  4:26  SCV  
  55  4:35  SCV  
  56  4:38  SCV  
  56  4:40  Medivac  
  56  4:41  Medivac, Supply Depot  
  56  4:43  Marine x2  
  56  4:45  Marine  
  64  4:47  SCV  
  64  4:50  Factory Tech Lab  
  65  4:54  Supply Depot  
  65  4:55  SCV  
  65  4:59  SCV  
  67  5:04  Supply Depot  
  67  5:06  Marine x3  
  70  5:07  SCV  
  70  5:11  SCV  
  70  5:12  Siege Tank  
  75  5:24  Marine  
  75  5:25  Refinery, Marine x2, SCV x2  
  80  5:28  Refinery  
  80  5:33  Medivac x2  
  84  5:38  SCV x2  
  86  5:44  Marine x3  
  89  5:50  SCV  
  78  6:03  Marine x3  
  73  6:12  SCV x2  
  75  6:20  Marine  
  75  6:24  SCV x2  
  78  6:27  Supply Depot  
  78  6:29  Combat Shields, Command Center, Supply Depot  
  78  6:31  Engineering Bay x2  
  78  6:34  Barracks  
  78  6:35  Barracks  
  78  6:36  SCV  
  78  6:37  Barracks  
  78  6:41  Marine x3  
  78  6:43  Medivac  
  78  6:46  SCV  
  84  6:49  Supply Depot  
  84  6:50  SCV  
  85  6:59  Marine x3  
  85  7:00  Siege Tank  
  91  7:03  Medivac  
  90  7:21  SCV x2  
  86  7:24  Supply Depot  
  86  7:25  Marauder, Supply Depot  
  86  7:26  Barracks Reactor, Barracks Tech Lab  
  86  7:29  Terran Infantry Armor Level 1, Terran Infantry Weapons Level 1  
  88  7:34  Missile Turret, SCV  
  88  7:35  SCV  
  90  7:41  Missile Turret  
  90  7:43  Orbital Command  
  90  7:51  Medivac x2, Siege Tank  
  93  7:54  Missile Turret  
  93  7:57  Marauder, Barracks Tech Lab  
  93  7:58  Marauder, Marine x2  
  93  7:59  SCV  
  94  8:08  Factory  
  94  8:11  SCV x2  
  97  8:19  Orbital Command  
  96  8:21  Refinery  
  96  8:23  Refinery, Siege Tank, SCV  
  100  8:31  SCV  
  100  8:34  Marine x5  
  102  8:35  Marauder x2, SCV  
  102  8:36  Medivac x2  
  102  8:39  Armory  
  102  8:41  Concussive Shells  
  115  8:43  SCV  
  115  8:47  SCV  
  117  8:50  SCV  
  117  8:52  Marine  
  117  8:53  Marauder  
  121  8:56  Marauder  
  121  8:59  Marauder, Marine x3  
  121  9:00  SCV x2  
  130  9:13  Medivac x2  
  130  9:14  Marauder, SCV  
  130  9:16  SCV x2  
  139  9:17  Marauder  
  139  9:21  Supply Depot  
  141  9:27  Missile Turret x2  
  141  9:28  Missile Turret  
  141  9:30  Supply Depot  
  141  9:31  Marine x4, Supply Depot  
  141  9:32  Supply Depot  
  141  9:34  Command Center  
  145  9:40  SCV x3  
  148  9:51  Missile Turret  
  143  9:54  Marauder, Marine x2  
  143  9:55  Marauder x2, Marine x2  
  143  9:56  Missile Turret, Medivac x2  
  134  10:14  Siege Tank  
  135  10:16  Marauder x3  
  124  10:23  Marine x3  
  124  10:24  Marine  
  115  10:37  Marauder, Marine x2  
  115  10:38  Medivac x2  
  115  10:40  Terran Infantry Weapons Level 2, Terran Infantry Armor Level 2, Marine  
  119  10:43  Supply Depot  
  116  10:50  Supply Depot  
  116  10:53  Supply Depot  
  113  10:58  Marine x2  
  113  10:59  Marauder  
  113  11:02  Marauder, Marine x2  
  113  11:03  Marauder  
  119  11:05  Siege Tank  
  119  11:06  Factory Tech Lab  
  119  11:11  Supply Depot x2  
  122  11:13  Supply Depot x2  
  122  11:16  Marine x2, Supply Depot  
  124  11:21  Marauder, Marine x2  
  124  11:24  Marauder x2  
  132  11:29  Missile Turret  
  132  11:31  Missile Turret  
  132  11:34  Marine x2, Medivac, Siege Tank  
  132  11:35  Medivac  
  132  11:39  Marine x2, Supply Depot  
  141  11:42  Supply Depot  
  139  11:55  Missile Turret  
  139  11:58  Marauder x2, Marine x4  
  139  11:59  Marauder  
  146  12:14  Siege Tank x2  
  148  12:16  Marine  
  148  12:20  Marauder x3  
  148  12:21  Marine x2  
  146  12:41  Marauder x3  
  145  12:44  Planetary Fortress  
  130  12:54  Marine  
  130  12:55  Marine x2  
  131  13:03  Marauder x3  
  125  13:14  Terran Infantry Weapons Level 3, Terran Infantry Armor Level 3  
  125  13:15  Terran Vehicle Weapons Level 1  
  125  13:16  Supply Depot  
  125  13:19  Marine x2  
  127  13:24  Marauder x3  
  133  13:32  Missile Turret  
  133  13:33  Missile Turret  
  133  13:46  Marine  
  133  13:47  Marauder x3  
  126  13:50  Marine  
  126  13:54  Medivac x2  
  107  14:09  Marauder x2, Marine x4  
  115  14:10  Marauder  
  115  14:15  Refinery x2  
  105  14:24  Medivac  
  107  14:27  Marine  
  107  14:31  Marauder  
  110  14:32  Missile Turret  
  110  14:33  Missile Turret  
  110  14:34  Marauder x2, Marine x3  
  117  14:45  Marine  
  113  14:49  Siege Tank x2  
  113  14:52  Marauder, Marine x3  
  104  14:55  Marauder  
  104  14:56  Marauder  
  97  15:03  Marine  
  97  15:06  SCV x2  
  97  15:07  SCV x2  
  98  15:09  Marine x2  
  98  15:10  Marine  
  98  15:13  Marauder  
  103  15:16  Marine  
  103  15:17  Marauder  
  103  15:18  SCV  
  103  15:19  SCV x3  
  88  15:29  Marine x2  
  88  15:30  Marine x2  
  88  15:31  Orbital Command  
  88  15:35  Marauder x2  
  76  15:43  Marauder  
  76  15:46  SCV x2  
  76  15:47  SCV, Marine x4  
  79  15:54  Siege Tank x2  
  79  15:56  Marauder  
  85  16:00  SCV x4  
  88  16:16  Supply Depot  
  88  16:18  Missile Turret, Supply Depot  
  88  16:19  Missile Turret  
  88  16:21  SCV  
  88  16:22  Missile Turret  
  89  16:40  Missile Turret  
  89  16:44  Marauder x3, Marine x4  
  93  17:01  Marine  
  93  17:05  Marauder x3  
  100  17:11  Siege Tank x2  
  103  17:26  Marauder  
  92  17:32  Marauder x2, Marine x4  
Show
View Real Time Build Order
Export as new Build Order

Musumeci Zerg - Winner!

Build Orders: Hatch First 

Get SALT Encoding   

  12  0:02  Drone  
  13  0:08  Drone  
  14  0:19  Drone, Extractor  
  15  0:40  Hatchery  
  14  0:45  Drone, Extractor  
  15  1:02  Spawning Pool  
  14  1:12  Extractor  
  14  1:13  Extractor  
  14  1:18  Drone x2  
  14  1:20  Overlord  
  16  1:38  Drone  
  16  1:39  Drone  
  18  1:50  Queen  
  18  1:51  Queen  
  18  1:53  Drone  
  23  1:56  Drone  
  25  2:01  Drone  
  25  2:06  Overlord  
  25  2:12  Drone  
  26  2:17  Drone  
  27  2:25  Queen  
  27  2:29  Queen  
  31  2:40  Drone x4  
  31  2:41  Extractor  
  34  2:46  Drone  
  35  2:54  Drone  
  36  3:15  Overlord  
  36  3:17  Overlord  
  36  3:18  Overlord  
  36  3:30  Overlord x2  
  36  3:35  Extractor  
  36  3:36  Drone x4, Extractor, Roach Warren  
  37  3:47  Drone  
  37  3:48  Drone x5  
  43  4:05  Hatchery  
  42  4:13  Drone, Evolution Chamber  
  42  4:14  Drone x7  
  42  4:15  Evolution Chamber  
  42  4:16  Roach  
  50  4:19  Roach  
  50  4:22  Roach  
  54  4:24  Roach  
  56  4:45  Lair  
  56  4:47  Roach x2  
  56  4:51  Drone  
  56  4:52  Drone  
  62  4:53  Extractor  
  62  4:57  Drone  
  62  4:59  Drone  
  64  5:00  Drone x3  
  64  5:01  Extractor  
  65  5:12  Roach  
  67  5:14  Overlord x3  
  67  5:15  Overlord  
  67  5:34  Roach  
  67  5:35  Roach x4  
  69  6:07  Drone x3  
  69  6:08  Drone x11  
  69  6:09  Drone x2  
  69  6:10  Drone  
  86  6:12  Extractor  
  86  6:14  Zerg Ground Armor Level 1, Zerg Missile Weapons Level 1  
  86  6:15  Glial Reconstitution  
  85  6:24  Drone  
  85  6:25  Drone x2  
  88  6:26  Drone, Spore Crawler x2  
  88  6:27  Spore Crawler  
  88  6:28  Spore Crawler  
  85  6:39  Ravager x2  
  88  6:40  Roach x3, Ravager  
  94  6:47  Ravager x2  
  94  6:48  Ravager  
  94  6:51  Roach x4  
  91  7:20  Drone x6  
  91  7:21  Drone x8  
  102  7:32  Drone x2  
  102  7:33  Drone  
  102  7:34  Drone, Extractor  
  102  7:35  Drone, Overlord  
  102  7:36  Overlord x2  
  106  8:07  Roach x5  
  106  8:08  Roach x5  
  126  8:20  Zerg Missile Weapons Level 2, Zerg Ground Armor Level 2  
  126  8:24  Tunneling Claws  
  126  8:25  Infestation Pit, Burrow  
  125  8:27  Roach  
  125  8:28  Roach  
  125  8:29  Overlord x4  
  129  8:34  Hatchery  
  128  8:48  Roach x12  
  152  9:01  Overlord  
  152  9:02  Overlord, Spore Crawler  
  152  9:03  Spore Crawler  
  152  9:07  Ravager x2  
  152  9:08  Ravager x6  
  152  9:11  Extractor  
  152  9:16  Extractor  
  152  9:17  Roach x6  
  152  9:19  Drone x3  
  152  9:20  Drone x3  
  152  9:21  Drone x2  
  152  9:22  Drone x4  
  174  9:37  Ravager  
  174  9:38  Ravager x3  
  166  9:58  Roach  
  166  9:59  Roach x14  
  177  10:26  Queen  
  179  10:31  Spore Crawler  
  176  10:51  Spine Crawler  
  176  10:52  Spine Crawler x2  
  176  10:54  Spine Crawler  
  167  11:11  Drone x6  
  167  11:12  Roach x2  
  167  11:13  Roach, Ravager  
  167  11:14  Roach, Ravager  
  167  11:15  Hive  
  167  11:16  Roach x3  
  175  11:18  Ravager x2  
  175  11:19  Ravager x8  
  184  11:37  Roach x7  
  174  11:52  Roach x6  
  174  11:53  Overlord x6  
  180  11:55  Roach  
  180  11:56  Roach x3  
  180  11:57  Roach  
  180  11:58  Roach x2  
  180  12:08  Roach x5  
  180  12:09  Roach x2  
  180  12:18  Roach  
  180  12:19  Roach x2  
  177  12:40  Roach x2  
  177  12:41  Roach  
  151  12:52  Hatchery  
  151  12:55  Extractor  
  151  12:56  Extractor  
  142  13:17  Drone x2  
  142  13:18  Drone x2  
  146  13:32  Roach x4  
  146  13:33  Spore Crawler  
  153  13:36  Roach x9  
  171  13:43  Spore Crawler x2  
  136  13:56  Roach x9  
  154  14:16  Roach x2  
  151  14:21  Roach x3  
  145  14:47  Roach  
  145  14:48  Roach x3  
  145  14:49  Ravager x9  
  145  14:50  Ravager  
  145  14:51  Roach  
  131  15:21  Roach  
  90  15:43  Roach  
  90  15:44  Roach x4  
  90  15:45  Roach x28  
  145  15:53  Queen  
  139  15:57  Queen  
  141  16:09  Ravager x16  
  141  16:10  Ravager x11  
  168  16:14  Roach  
  168  16:20  Roach x13  
  168  16:21  Roach x4  
  198  16:41  Roach  
  166  17:39  Roach  
  166  17:40  Roach x7  
  166  17:43  Roach x2  
  182  17:44  Roach x2  
Tags
 
Add a new tag
Caveats
  • Supply blocks, unpowered buildings, or Contaminate may cause inaccurate times.
  • Supply counts are checked every 10 seconds.